Unix NetHack Version 5.0.0-0 post-release - last build Jul 14 2026 02:55:29 (1809b74e8187c3a3585e283601c3028b46cbbdcb,branch:main).

Game began 2026-07-15 21:55:26, ended 2026-07-15 22:58:40.

Jinnora, neutral female human Wizard

    -----                                                   ------------
    |...|     -------       -----                          #-..........|
    |...|     |.....|       |...|    -------               #|.......>..|
    |...|     |.....-#      |...|   #......|               #------------
    |...|     |.|...|#      |....####|.....-##             #
    |...-#    |.....|#      |...|    |.....|            ####
    |...|#    ---|---#      |...|    |<.`...#          ##
    -----#      ##   #      --.--    -------#          #
        ##      #    #        #             ###       ##
        #     ###    #        #               )  -----#
        #     #      #     ####               ## |...|#
        #   ###      #     #                   ##|..^.#
        #   #        # #####                    #|..[|
        #  ##        #-|--------                #|^..|
        #--.------   #|.[......-#######         #)...|                ------ -
        #........|   #.........|      ###########|...|                .....l.|
         |.......|    |........|                #-----               |......l|
         |.......|    |........|                ####################$@S.l....|
         ---------    ----------                                     ---------

Jinnora the Thaumaturge   St:6 Dx:14 Co:16 In:18 Wi:11 Ch:10  Neutral
Dlvl:9  $:0  HP:0(60) Pw:11(58) AC:0  Xp:8/1486 T:5381  Hungry   Burdened

Latest messages:
 You hit the snake.
 The snake bites!
 You hit the snake.
 The snake bites!
 The snake misses!
 The leprechaun zaps a wand of sleep!
 The sleep ray hits the leprechaun.
 The sleep ray hits the leprechaun.
 The sleep ray hits the snake.
 The sleep ray hits you!
 You can't seem to think straight.
 You feel incredibly sick.
 You are about to vomit.
 You vomit!
 You wake up.
 You miss the snake.
 The snake just misses!
 You hit the snake.
 The snake bites!
 You hit the snake.
 The snake bites!
 You hit the snake.
 You hit the snake.
 The snake bites!
 You hit the snake.
 You miss the snake.
 The snake bites!
 You miss the snake.
 You miss the snake.
 The snake bites!
 The leprechaun zaps a wand of sleep!
 The sleep ray hits the leprechaun.
 You miss the snake.
 The snake bites!
 You miss the snake.
 The snake bites!
 You miss the snake.
 The snake bites!
 The snake's bite was poisoned!
 You feel very sick!
 Your movements are slowed slightly because of your load.
 You feel weaker!
 You hit the snake.
 You hit the snake.
 The snake bites!
 You miss the snake.
 The snake bites!
 The snake bites!
 You die...
 Do you want your possessions identified? [ynq] (y) q

Inventory:
 Armor    ('[')
  y - an uncursed +0 pair of gauntlets of dexterity (being worn)
  v - an uncursed +0 pair of speed boots (being worn)
  b - an uncursed +0 cloak of magic resistance
  Y - an uncursed +0 robe (being worn)
  s - an uncursed +0 dwarvish mithril-coat (being worn)
 Comestibles  ('%')
  V - an uncursed carrot
  n - an uncursed lembas wafer
  o - an uncursed partly eaten tripe ration
 Scrolls  ('?')
  j - a cursed scroll of blank paper
  M - an uncursed scroll of charging
  J - a cursed scroll of create monster
  G - an uncursed scroll of destroy armor
  t - 2 uncursed scrolls of enchant armor
  L - a cursed scroll of enchant armor
  i - 2 uncursed scrolls of enchant weapon
  r - a blessed scroll of food detection
  D - an uncursed scroll of light
  E - 2 uncursed scrolls of remove curse
  T - an uncursed scroll of taming
  S - an uncursed scroll of teleportation
  d - 2 cursed scrolls of teleportation
 Potions  ('!')
  g - an uncursed potion of booze
  f - an uncursed potion of confusion
  R - an uncursed potion of enlightenment
  p - an uncursed potion of gain energy
  H - 2 uncursed potions of healing
  O - an uncursed potion of monster detection
  K - a cursed potion of speed
  W - an uncursed potion of water
 Rings    ('=')
  e - an uncursed ring of conflict
  F - a cursed -1 ring of increase accuracy
  k - a cursed ring of teleport control
 Wands    ('/')
  u - an uncursed wand of cold (0:7)
  U - an uncursed wand of digging (0:6)
  P - an uncursed wand of digging (0:4)
  w - an uncursed wand of magic missile (0:6)
  c - an uncursed wand of polymorph (0:4)
  B - a cursed wand of secret door detection (0:12)
  I - an uncursed wand of sleep (0:3)
  N - a cursed wand of stasis (0:0)
  Z - a cursed wand of undead turning (0:3)
 Tools    ('(')
  x - a cursed magic lamp (lit)
  m - an uncursed magic marker (0:20)
  A - an uncursed magic whistle
  z - an uncursed oil lamp
  Q - an uncursed skeleton key
 Gems/Stones  ('*')
  C - a cursed worthless piece of blue glass
  l - a cursed worthless piece of green glass
  X - an uncursed worthless piece of yellow glass

Jinnora the Wizard's attributes:

Background:
 You were a Thaumaturge, a level 8 female human Wizard.
 You were neutral, on a mission for Thoth
 who was opposed by Ptah (lawful) and Anhur (chaotic).
 You were right-handed.
 You were in the Dungeons of Doom, on level 9.
 You entered the dungeon 5381 turns ago.
 It was nighttime.
 There was a new moon in effect when your adventure ended.
 You had 1486 experience points, 1074 more were needed to attain level 9.

Basics:
 You had 0 out of 60 hit points.
 You had 11 out of 58 energy points (spell power).
 Your armor class was 0.
 Your wallet was empty.
 Autopickup was off.

Final Characteristics:
 Your strength was 6 (peak:9, limit:18/100).
 Your dexterity was 14 (limit:18).
 Your constitution was 16 (peak:17, limit:18).
 Your intelligence was 18 (limit:18).
 Your wisdom was 11 (limit:18).
 Your charisma was 10 (limit:18).

Final Status:
 You were hungry.
 You were burdened; movement was slightly slowed.
 You were empty handed.
 You were unskilled in bare handed combat and could have enhanced that.

Final Attributes:
 You were piously aligned.
 You were guarded.
 Your spell casting was impaired by metallic armor, mitigated by your robe.
 You were very fast.
 You are dead.

Miscellaneous:
 You encountered 1 bones level.
 Total elapsed playing time was 1 hour, 3 minutes and 13 seconds.

Major events:
 Turn
    1: Jinnora the neutral female human Wizard entered the dungeon
  828: entered the Gnomish Mines
 1150: attained the rank of Conjurer (level 3)
 2084: attained the rank of Thaumaturge (level 6)
 2244: reached Mine Town
 4001: entered Sokoban
 5381: killed by a snake

Spells:
 Name                 Level Category     Fail Retention
 force bolt             1   attack         0%   71%-80%
 knock                  1   matter         0%   51%-75%
 wizard lock            2   matter        64%  76%-100%
 detect monsters        1   divination     0%  76%-100%

Skills:
 Fighting Skills
   bare handed combat [Unskilled]
   riding             [Unskilled]
 Weapon Skills
   dagger             [Basic]
   knife              [Unskilled]
   axe                [Unskilled]
   short sword        [Unskilled]
   club               [Unskilled]
   mace               [Unskilled]
   quarterstaff       [Basic]
   polearms           [Unskilled]
   spear              [Unskilled]
   trident            [Unskilled]
   sling              [Unskilled]
   dart               [Unskilled]
   shuriken           [Unskilled]
 Spellcasting Skills
   attack spells      [Basic]
   healing spells     [Unskilled]
   divination spells  [Unskilled]
   enchantment spells [Basic]
   clerical spells    [Unskilled]
   escape spells      [Unskilled]
   matter spells      [Unskilled]

Voluntary challenges:
 Character rerolling was not enabled.
 You never genocided any monsters.
 You never polymorphed an object.
 You never changed form.
 You used no wishes.
 You did not violate any of the special Sokoban rules.
Achievements:
 You entered a shop.
 You entered the Gnomish Mines.
 You attained the rank of Conjurer.
 You attained the rank of Thaumaturge.
 You entered Minetown.
 You entered a temple.
 You entered Sokoban.

 The Dungeons of Doom: levels 1 to 10
    Level 1:
       A fountain.
    Level 2:
       An armor shop, a fountain.
    Level 3:
    Level 4:
       Stairs down to The Gnomish Mines.
    Level 5:
       A weapon shop, some fountains.
    Level 6:
       Many fountains.
       Oracle of Delphi.
    Level 7:
       Stairs up to Sokoban, level 6.
    Level 8:
       An armor shop, a fountain.
    Level 9: <- You were here.
       Some graves.
       Final resting place for
          you, killed by a snake,
          Rangorn-Val-Hum-Fem-Neu, killed by an ogre.
    Level 10:
 The Gnomish Mines: levels 5 to 8
    Level 5:
    Level 6:
    Level 7:
    Level 8:
       Many shops, a temple and an altar, some fountains.
 Sokoban:
    Level 6:
       Unsolved.


Vanquished creatures:
  a ghost
  a Grey-elf
  a giant beetle
  a quivering blob
  2 winter wolf cubs
  a lynx
  3 leprechauns
  a giant spider
  a horse
  2 dwarf mummies
  2 ogres
  a brown pudding
  a raven
  a snake
  a bugbear
  a quasit
  a water nymph
  a rock mole
  a yellow light
  a shrieker
  5 gnome leaders
  6 gnomish wizards
  a black naga hatchling
  a straw golem
  a kitten
  6 dwarves
  a homunculus
  a kobold shaman
  2 monkeys
  3 dwarf zombies
  4 iguanas
  2 killer bees
  3 hobbits
  4 giant rats
  a brown mold
  4 yellow molds
  3 green molds
  a red mold
 21 gnomes
  a gnome zombie
  6 geckos
  4 jackals
  3 foxes
  2 kobolds
  a goblin
  7 sewer rats
  7 grid bugs
  a lichen
  a kobold zombie
  9 newts
137 creatures vanquished.

No species were genocided or became extinct.

Game over:
                       ----------
                      /          \
                     /    REST    \
                    /      IN      \
                   /     PEACE      \
                  /                  \
                  |     Jinnora      |
                  |       0 Au       |
                  |   killed by a    |
                  |      snake       |
                  |                  |
                  |                  |
                  |       2026       |
                 *|     *  *  *      | *
        _________)/\\_//(\/(/\)/\//\/|_)_______

Goodbye Jinnora the Wizard...

You died in The Dungeons of Doom on dungeon level 9 with 6404 points,
and 0 pieces of gold, after 5381 moves.
You were level 8 with a maximum of 60 hit points when you died.

